 Dungeon Crawl Stone Soup version 0.22-a0-274-gf8199ec (webtiles) character file.

58 Kavrick the Skirmisher (level 3, -3/29 HPs)
             Began as a Demonspawn Fighter on Mar 14, 2018.
             Was an Initiate of Okawaru.
             Slain by a river rat (5 damage)
             ... on level 3 of the Dungeon.
             The game lasted 00:02:14 (1762 turns).

Kavrick the Skirmisher (Demonspawn Fighter)         Turns: 1762, Time: 00:02:15

Health: -3/29      AC: 11    Str: 17    XL:     3   Next: 76%
Magic:  3/3        EV:  4    Int:  9    God:    Okawaru [......]
Gold:   103        SH:  9    Dex: 12    Spells: 2/2 levels left

rFire    . . .     SeeInvis .   a - +0 long sword
rCold    . . .     Gourm    .   c - +0 shield
rNeg     . . .     Faith    .   g - +0 plate armour
rPois    .         Spirit   .   (no helmet)
rElec    .         Reflect  .   (no cloak)
rCorr    .         Harm     .   (no gloves)
MR       .....                  (no boots)
Stlth    ..........             (no amulet)
HPRegen  0.09/turn              (no ring)
MPRegen  0.08/turn              (no ring)

@: no status effects
A: hooves 1, sturdy frame 1
a: Renounce Religion


You were on level 3 of the Dungeon.
You worshipped Okawaru.
Okawaru was noncommittal.
You were not hungry.

You visited 1 branch of the dungeon, and saw 3 of its levels.

You collected 103 gold pieces.

Inventory:

Hand Weapons
 a - a +0 long sword (weapon)
Armour
 c - a +0 shield (worn)
 g - a +0 plate armour (worn)
Jewellery
 k - an uncursed amulet of the gourmand {unknown}
 l - an uncursed amulet of magic regeneration {unknown}
Scrolls
 d - a scroll of identify {unknown}
 e - 2 scrolls of remove curse {unknown}
 h - 3 scrolls of enchant weapon {unknown}
 i - a scroll of fog {unknown}
 j - a scroll of teleportation {unknown}
 m - a scroll of random uselessness {unknown}
Potions
 b - 2 potions of lignification {unknown}
Comestibles
 f - 6 rations
 n - 3 chunks of flesh


   Skills:
 + Level 3.3 Fighting
 * Level 2.8 Long Blades
 + Level 3.1 Armour
 + Level 3.0 Shields


You had 2 spell levels left.
You didn't know any spells.

Dungeon Overview and Level Annotations

Branches:
Dungeon (3/15)

Altars:
Elyvilon
Okawaru
Vehumet
Yredelemnul


Innate Abilities, Weirdness & Mutations

You have large cloven feet.
Your movements are slightly less encumbered by armour. (ER -2)


Message History

You are too injured to fight recklessly!
You hit the river rat but do no damage. Your kick misses the river rat.
The river rat is heavily wounded.
You block the river rat's attack.
You barely miss the river rat. Your kick misses the river rat.
The river rat is heavily wounded.
The river rat bites you.
* * * LOW HITPOINT WARNING * * *
You hit the river rat.
You kill the river rat!
Okawaru accepts your kill.
You hit the river rat but do no damage. Your kick misses the river rat.
The river rat bites you!
* * * LOW HITPOINT WARNING * * *
You block the river rat's attack.
You slash the river rat!
You kick the river rat, but do no damage.
The river rat is almost dead.
The river rat bites you.
You die...

#......# ###########
#)####.# #...........
#...<#.# #...........
####.#.#######...........
#>.......................
#............(...........
#.##.###.#####...........
#.##.# #r# #...........
#.##.# #@# #...........
###+##.# #.# #####......#
#....#.# #.# ##..##.#
#....#.# #.# ##.#
+....#'##### #≈†....#
#.........# #≈≈≈...#
#.........# #≈#.....
#.........# #≈≈≈..##
#.........# #≈#≈..#


You could see a river rat.

Vanquished Creatures
  A river rat (D:3)
  An adder (D:3)
  An ooze (D:1)
  A worm (D:2)
  4 giant cockroaches
  3 goblins
  6 hobgoblins
  A ball python (D:1)
  A bat (D:3)
  5 frilled lizards
  3 kobolds
  7 rats
34 creatures vanquished.

Notes
Turn   | Place    | Note
-------+----------+-------------------------------------------
     0 | D:1      | Kavrick the Demonspawn Fighter began the quest for the Orb.
     0 | D:1      | Reached XP level 1. HP: 18/18 MP: 1/1
   110 | D:1      | Gained mutation: Your movements are slightly less encumbered by armour. (ER -2) [demonic ancestry]
   110 | D:1      | Reached XP level 2. HP: 8/24 MP: 2/2
   393 | D:1      | Found an iron altar of Okawaru.
   419 | D:1      | Became a worshipper of Warmaster Okawaru
   883 | D:2      | Gained mutation: You have large cloven feet. [demonic ancestry]
   883 | D:2      | Reached XP level 3. HP: 26/29 MP: 3/3
   949 | D:2      | Found a faded altar of an unknown god.
  1355 | D:2      | Found a basalt altar of Yredelemnul.
  1355 | D:2      | Found a white marble altar of Elyvilon.
  1355 | D:2      | Found a radiant altar of Vehumet.
  1762 | D:3      | Slain by a river rat

Vault maps used:
D:1:      onia_arrival_larder, okawaru_ov_weapons_minmay
D:2:      gammafunk_temple_overflow_forgotten, chequers_ecumenical_altar_lobes
D:3:      first_ration, lightli_sewer_entry_pipes, trog_three_pillars_becter,
          uniq_grinder, uniq_jessica

Skill      XL: |  1  2  3 |
---------------+----------+-----
Long Blades    | 2 |  2.8
Shields        | 3 |  3.0
Armour         | 3 |  3.1
Fighting       | |  3.3

Action                   || total
-------------------------++-------
Melee: Long sword        ||   106
       Kick              ||     7
  Use: Potion            ||     1
  Eat: Chunk             ||     3
Armor: Scale mail        ||    11
       Plate armour      ||    62
Dodge: Dodged            ||    19
Block: Shield            ||    64
       Rpst.: Long sword ||     6

Table legend:
 A = Spawn XP
 B = Non-spawn XP
 C = Spawn XP percentage of total XP
 D = Spawn monster count
 E = Non-spawn monster count
 F = Spawn count percentage of total count
 G = Total turns spent on level
                    A         B        C        D         E        F      G
               +---------+---------+-------+---------+---------+-------+---------
         Total |       0 |      84 |   0.0 |       0 |      34 |   0.0 |  1762
               +---------+---------+-------+---------+---------+-------+---------
           D:1 |       0 |      39 |   0.0 |       0 |      22 |   0.0 |   838
           D:2 |       0 |      11 |   0.0 |       0 |       6 |   0.0 |   805
           D:3 |       0 |      34 |   0.0 |       0 |       6 |   0.0 |   119
               +---------+---------+-------+---------+---------+-------+---------
